 Dungeon Crawl Stone Soup version 0.20.1-1-g8b1a95d (webtiles) character file.

202 MovingMist the Ducker (level 5, 0/41 HPs)
             Began as a Demonspawn Gladiator on Nov 18, 2017.
             Succumbed to an adder's poison
             ... on level 5 of the Dungeon.
             The game lasted 00:08:35 (2463 turns).

MovingMist the Ducker (Demonspawn Gladiator)        Turns: 2463, Time: 00:08:36

Health: 0/41       AC: 11    Str: 14    XL:     5   Next: 50%
Magic:  5/5        EV:  7    Int:  9    God:
Gold:   207        SH:  0    Dex: 16    Spells: 4/4 levels left

rFire    . . .     SeeInvis .   a - +1 long sword
rCold    . . .     Gourm    .   (no shield)
rNeg     . . .     Faith    .   i - +0 chain mail
rPois    .         Spirit   .   (helmet restricted)
rElec    .         Reflect  .   (no cloak)
rCorr    .         Harm     .   (no gloves)
MR       +....                  (no boots)
Stlth    ..........             j - amulet of magic regeneration
Regen    0.2/turn               h - ring of protection from magic
MPRegen  0.2/turn               (no ring)

@: lethally poisoned (0 -> -4)
A: horns 1, molten scales 2, demonic guardian 1
a: no special abilities


You were on level 5 of the Dungeon.
You were not hungry.

You visited 1 branch of the dungeon, and saw 5 of its levels.

You collected 207 gold pieces.

Inventory:

Hand Weapons
 a - a +1 long sword (weapon)
Missiles
 d - 3 throwing nets (quivered)
Armour
 i - a +0 chain mail (worn)
Jewellery
 h - a ring of protection from magic (left hand)
 j - an amulet of magic regeneration (around neck)
Wands
 g - a wand of random effects (35/48)
Scrolls
 e - 2 scrolls of remove curse
 o - a scroll of enchant armour {unknown}
Potions
 b - a potion of curing
 k - a potion of haste
 m - a potion of brilliance
 n - a potion of berserk rage
 p - a potion of might {unknown}
Comestibles
 f - 6 bread rations
 l - 2 meat rations


   Skills:
 + Level 3.4 Fighting
 + Level 3.8 Long Blades
 - Level 1.7 Throwing
 * Level 4.2 Dodging


You had 4 spell levels left.
You didn't know any spells.

Dungeon Overview and Level Annotations

Branches:
Dungeon (5/15)
 Temple: D:4-7

Altars:
Ashenzari

Annotations:
D:4 MovingMist's ghost, amateur GrFi


Innate Abilities, Weirdness & Mutations

You have a pair of small horns on your head.
You are mostly covered in molten scales. (AC +3)
A weak demonic guardian rushes to your aid.


Message History

There is a stone staircase leading up here.
Found a scroll labeled VUM DYOXKENUOB.
A shadow imp comes into view.
The shadow imp shouts, "Scamper away, thou pribbling earth-vexing lewdster!"
An adder comes into view.
Found an amethyst potion.
Your chain mail prevents you from hitting the adder.
The adder bites you.
* * * LOW HITPOINT WARNING * * *
You are lethally poisoned!
The adder poisons you! The adder bites you.
* * * LOW HITPOINT WARNING * * *
You hit the adder.
The adder is moderately wounded.
* * * LOW HITPOINT WARNING * * *
You feel sick. The adder bites you.
* * * LOW HITPOINT WARNING * * *
You barely miss the adder. Your headbutt misses the adder.
The adder is moderately wounded.
You die...

#.! #.$!# #....
#...# .....
...###.....
#>.......>. #
#..........
##.###..........
#...@S......$...
#.....#.#<.......
#.....#..........
#.....##......###
#...........>.#
#......#........?
#.......[.###....
#.....#...#####_#
....##..###....


You could see an adder.

Vanquished Creatures
  A scorpion (D:4)
  6 adders (D:2)
  A dart slug (D:2)
  A leopard gecko (D:3)
  3 giant cockroaches
  7 goblins
  7 hobgoblins
  6 jackals
  9 kobolds
  2 quokkas (D:3)
  2 ball pythons (D:2)
  7 bats
  2 frilled lizards
  10 rats
64 creatures vanquished.

Vanquished Creatures (collateral kills)
  Jessica (D:2)
  Terence (D:2)
2 creatures vanquished.

Grand Total: 66 creatures vanquished

Notes
Turn   | Place    | Note
-------+----------+-------------------------------------------
     0 | D:1      | MovingMist the Demonspawn Gladiator began the quest for the Orb.
     0 | D:1      | Reached XP level 1. HP: 16/16 MP: 1/1
   245 | D:1      | Gained mutation: A weak demonic guardian rushes to your aid. [demonic ancestry]
   245 | D:1      | Reached XP level 2. HP: 22/22 MP: 2/2
   335 | D:1      | Reached skill level 3 in Dodging
   828 | D:2      | Gained mutation: You have a pair of small horns on your head. [demonic ancestry]
   828 | D:2      | Reached XP level 3. HP: 25/28 MP: 3/3
   875 | D:2      | Noticed Jessica
   880 | D:2      | Killed Jessica
   920 | D:2      | Gained mutation: You are partially covered in molten scales. (AC +2) [demonic ancestry]
   920 | D:2      | Reached XP level 4. HP: 30/34 MP: 4/4
  1376 | D:2      | Noticed Terence
  1383 | D:2      | Killed Terence
  1848 | D:3      | Gained mutation: You are mostly covered in molten scales. (AC +3) [demonic ancestry]
  1848 | D:3      | Reached XP level 5. HP: 41/41 MP: 5/5
  2021 | D:3      | Reached skill level 4 in Dodging
  2425 | D:4      | Noticed MovingMist's ghost (amateur GrFi)
  2455 | D:5      | Entered Level 5 of the Dungeon
  2455 | D:5      | Found a shattered altar of Ashenzari.
  2462 | D:5      | HP: 1/41 [adder (2)]
  2463 | D:5      | Succumbed to an adder's poison

Skill      XL: |  1  2  3  4  5 |
---------------+----------------+-----
Dodging        | 3 4 |  4.2
Long Blades    | 3 |  3.8
Fighting       | 3 |  3.4
Throwing       | |  1.7

Action                   |  1- 3 |  4- 6 || total
-------------------------+-------+-------++-------
Melee: Short sword       |   149 |    66 ||   215
       Long sword        |     4 |    78 ||    82
       Headbutt          |     7 |    23 ||    30
  Use: Scroll            |     7 |     4 ||    11
  Eat: Chunk             |       |     5 ||     5
Armor: Leather armour    |     3 |       ||     3
       Chain mail        |    70 |   110 ||   180
Dodge: Dodged            |    70 |    48 ||   118
       Rpst.: Long sword |     2 |     9 ||    11
